Map: Acid Plant LE

Players

iGiA (iAsonu)

  • Race: Zerg Zerg
  • League: Diamond
  • Spawn Location: 5:00

Reynor - Winner!

  • Race: Zerg Zerg
  • Spawn Location: 11:00

Event: WESG 2017 Haikou

VOD

Have the link to the VOD?

Description

Time

  • Played on: March 15, 2018, 12:30 a.m.
  • Length: 15:24

All games in this series

Show
View Real Time Build Order
Export as new Build Order

iGiA Zerg 

Build Orders: Hatch First 

Get SALT Encoding   

  12  0:01  Drone  
  13  0:12  Overlord  
  13  0:17  Drone  
  14  0:31  Drone x2  
  14  0:34  Drone  
  17  0:50  Hatchery  
  17  0:54  Drone  
  17  0:58  Drone  
  18  1:07  Extractor  
  17  1:13  Spawning Pool  
  17  1:15  Drone  
  17  1:18  Drone  
  18  1:28  Drone  
  19  1:39  Overlord  
  19  1:49  Drone  
  20  1:59  Queen  
  20  2:00  Zergling x2  
  23  2:02  Queen  
  23  2:03  Drone  
  26  2:11  Drone  
  26  2:13  Drone  
  28  2:22  Drone  
  29  2:24  Drone  
  30  2:33  Drone  
  30  2:36  Lair  
  31  2:39  Roach Warren  
  31  2:43  Drone x2, Evolution Chamber  
  31  2:48  Overlord  
  31  2:50  Extractor  
  30  2:56  Drone  
  30  2:57  Drone  
  32  3:10  Drone x3  
  35  3:17  Drone x2  
  35  3:19  Evolution Chamber  
  36  3:20  Drone, Roach  
  36  3:26  Drone  
  36  3:27  Drone x2  
  43  3:34  Overlord  
  43  3:35  Glial Reconstitution  
  43  3:37  Zerg Missile Weapons Level 1  
  43  3:49  Overlord x2  
  43  3:53  Extractor  
  43  3:54  Roach x2  
  45  3:58  Roach  
  47  4:03  Roach, Evolution Chamber  
  47  4:04  Roach  
  47  4:09  Roach x2  
  54  4:14  Drone x2  
  57  4:20  Overlord  
  57  4:26  Overlord  
  57  4:33  Hatchery, Overseer  
  57  4:36  Roach  
  57  4:38  Drone  
  59  4:42  Roach  
  61  4:48  Drone x4  
  65  4:54  Roach  
  65  4:55  Roach  
  65  4:59  Overlord  
  69  5:03  Drone  
  70  5:07  Drone  
  70  5:08  Drone  
  72  5:16  Drone x2  
  72  5:19  Queen  
  76  5:23  Roach x3  
  76  5:27  Drone  
  83  5:29  Drone  
  83  5:33  Zerg Missile Weapons Level 2  
  84  5:36  Roach  
  84  5:41  Roach x3  
  92  5:45  Overlord  
  94  5:50  Roach x2  
  94  5:54  Drone x2  
  94  5:56  Overlord x2  
  98  5:57  Extractor  
  98  6:03  Overlord  
  97  6:06  Roach  
  97  6:09  Roach  
  97  6:10  Roach x2  
  105  6:11  Overlord  
  105  6:14  Ravager x2  
  105  6:15  Ravager x2  
  109  6:22  Roach x4  
  117  6:27  Roach x2  
  121  6:33  Overlord  
  121  6:38  Roach x4  
  129  6:42  Overlord x2  
  129  6:53  Roach x4  
  137  6:59  Roach x3  
  143  7:04  Overlord  
  143  7:07  Roach x3  
  149  7:13  Roach x2  
  153  7:18  Roach  
  153  7:19  Roach x2  
  159  7:33  Roach x6  
  168  7:41  Roach  
  168  7:43  Overlord  
  170  7:55  Roach x3  
  157  8:06  Roach x9  
  159  8:23  Roach  
  159  8:24  Roach x7  
  161  8:29  Roach x2  
  145  8:34  Roach  
  145  8:35  Roach x2  
  145  8:41  Roach x3  
  146  8:47  Drone  
  146  8:48  Drone x3  
  152  8:50  Drone x2  
  154  8:56  Roach x2  
  154  8:59  Ravager x4  
  154  9:02  Roach  
  164  9:14  Roach  
  164  9:15  Roach x2  
  168  9:18  Overlord x2  
  168  9:20  Overlord  
  168  9:22  Extractor  
  167  9:30  Overlord  
  167  9:35  Roach x3  
  169  9:43  Hatchery, Roach x3  
  175  9:52  Roach x4  
  184  9:53  Roach x2  
  184  9:58  Roach x4  
  186  10:06  Roach  
  186  10:07  Roach x3  
  186  10:15  Ravager x4  
  186  10:17  Roach x2  
  184  10:30  Roach  
  184  10:32  Overlord  
  184  10:39  Overlord  
  184  10:53  Roach x5  
  184  10:56  Overseer  
  194  10:57  Hatchery  
  187  11:13  Roach x8  
  195  11:20  Roach x2  
  193  11:28  Roach x3  
  185  11:41  Roach  
  185  11:42  Roach x5  
  189  11:49  Hatchery  
  189  11:52  Roach x4  
  186  12:03  Overlord  
  182  12:10  Overlord x2  
  182  12:16  Hatchery  
  182  12:17  Extractor, Spire  
  182  12:20  Hydralisk Den  
  182  12:21  Queen  
  181  12:23  Roach x2  
  185  12:35  Ravager  
  185  12:36  Ravager x4  
  190  12:43  Roach x4  
  190  12:44  Roach x4  
  190  12:52  Roach x7  
  191  12:59  Roach x2  
  195  13:09  Lurker Den  
  194  13:17  Pneumatized Carapace  
  192  13:26  Hydralisk x4  
  198  13:28  Hatchery  
  191  13:59  Roach  
  191  14:00  Roach x8  
  173  14:14  Roach x4  
  173  14:15  Roach x3  
  146  14:27  Roach  
  146  14:28  Roach  
  126  14:36  Overseer  
  97  14:59  Roach x2  
Show
View Real Time Build Order
Export as new Build Order

Reynor Zerg - Winner!

Build Orders: Hatch First, Lurkers 

Get SALT Encoding   

  12  0:00  Drone  
  13  0:12  Overlord  
  13  0:16  Drone  
  14  0:31  Drone x2  
  17  0:35  Drone  
  17  0:52  Hatchery  
  17  0:55  Drone  
  17  0:57  Drone  
  18  1:09  Extractor  
  17  1:12  Spawning Pool  
  17  1:15  Drone  
  17  1:19  Drone  
  18  1:28  Drone  
  19  1:39  Overlord  
  19  1:58  Queen  
  19  1:59  Zergling x2  
  19  2:00  Zergling x2  
  23  2:04  Zergling x2, Queen  
  23  2:08  Metabolic Boost  
  26  2:12  Drone  
  27  2:16  Drone  
  27  2:22  Drone  
  29  2:26  Drone  
  30  2:33  Drone  
  31  2:39  Hatchery  
  31  2:42  Drone  
  31  2:43  Drone  
  32  2:48  Overlord  
  32  2:59  Drone  
  32  3:00  Zergling x2  
  32  3:05  Drone  
  35  3:10  Drone x2  
  35  3:12  Overlord  
  37  3:14  Drone x4  
  39  3:23  Zergling x4  
  39  3:25  Evolution Chamber  
  40  3:30  Extractor, Queen  
  40  3:31  Drone  
  40  3:33  Drone  
  43  3:43  Overlord  
  41  3:49  Drone x3  
  41  3:51  Roach Warren  
  41  3:52  Zerg Missile Weapons Level 1  
  41  3:54  Drone  
  44  4:05  Drone  
  44  4:06  Drone x2  
  44  4:07  Extractor  
  44  4:09  Overlord  
  46  4:14  Lair  
  46  4:15  Drone  
  46  4:16  Drone  
  48  4:29  Overlord  
  48  4:32  Roach  
  48  4:33  Roach x5  
  48  4:38  Roach  
  62  4:40  Roach  
  62  4:43  Roach  
  62  4:44  Drone x3  
  68  4:47  Roach  
  68  4:50  Drone  
  71  4:53  Roach  
  73  5:00  Drone x3  
  73  5:04  Roach x2  
  73  5:05  Overlord  
  80  5:08  Drone  
  80  5:12  Glial Reconstitution  
  80  5:14  Overlord  
  81  5:17  Overlord  
  81  5:23  Extractor, Drone  
  81  5:24  Drone x4  
  81  5:26  Roach  
  86  5:29  Roach  
  86  5:30  Roach  
  86  5:32  Drone  
  86  5:34  Evolution Chamber  
  86  5:35  Drone  
  91  5:36  Drone  
  91  5:40  Roach  
  91  5:41  Roach  
  96  5:48  Roach  
  96  5:49  Roach x3, Overseer  
  104  5:52  Roach  
  106  5:58  Overlord  
  106  6:03  Extractor, Drone  
  106  6:04  Overlord  
  106  6:07  Overlord  
  106  6:14  Zerg Ground Armor Level 1  
  106  6:18  Drone x5  
  111  6:19  Drone, Overlord  
  111  6:20  Zerg Missile Weapons Level 2  
  111  6:24  Roach x2  
  116  6:26  Roach  
  116  6:29  Roach x2  
  122  6:36  Pneumatized Carapace  
  122  6:38  Roach x2  
  126  6:43  Roach x3  
  132  6:48  Overlord  
  132  6:51  Overlord  
  132  6:53  Roach x3  
  138  6:57  Overlord  
  138  7:02  Overlord  
  138  7:11  Roach x4  
  138  7:15  Ravager x3  
  149  7:17  Drone x3  
  149  7:18  Hatchery  
  149  7:19  Extractor, Roach  
  152  7:27  Roach x4  
  160  7:32  Ravager  
  160  7:34  Roach x3  
  167  7:41  Roach  
  169  7:45  Overlord  
  169  7:57  Roach x8  
  169  7:58  Roach  
  161  8:02  Roach  
  153  8:11  Roach x2  
  150  8:21  Roach  
  150  8:22  Roach x7  
  152  8:32  Roach x2  
  142  8:36  Queen  
  142  8:40  Roach x2  
  148  8:43  Ravager x3  
  148  8:44  Roach x3  
  148  8:45  Roach  
  159  8:50  Extractor  
  159  8:52  Drone x2  
  159  8:53  Roach x3  
  168  8:58  Roach x4  
  168  9:00  Drone  
  175  9:07  Roach x4  
  182  9:10  Drone x2  
  182  9:11  Drone  
  182  9:14  Drone  
  184  9:28  Overlord x3  
  184  9:33  Hydralisk Den  
  183  9:40  Overlord  
  183  9:44  Overlord  
  183  9:51  Roach  
  183  9:52  Roach x8  
  187  10:08  Drone x2  
  187  10:09  Drone x2  
  189  10:14  Roach x3  
  189  10:15  Roach x2  
  189  10:16  Drone  
  200  10:25  Hydralisk  
  196  10:39  Hydralisk x3  
  196  10:40  Hydralisk  
  200  10:43  Extractor  
  200  10:44  Muscular Augments  
  200  10:45  Lurker Den  
  200  10:47  Queen  
  198  10:56  Hydralisk  
  198  11:08  Hydralisk  
  200  11:20  Hydralisk  
  200  11:24  Roach  
  197  11:47  Roach x4  
  191  11:56  Grooved Spines, Overlord  
  191  11:57  Drone x4  
  187  12:02  Infestation Pit  
  180  12:11  Overlord  
  180  12:12  Roach x5  
  180  12:13  Roach x5  
  200  12:19  Spine Crawler  
  200  12:20  Spine Crawler, Overseer x2  
  200  12:21  Spine Crawler  
  200  12:22  Spine Crawler  
  196  12:27  Lurker x4  
  196  12:29  Tunneling Claws  
  198  12:30  Zerg Ground Armor Level 2  
  198  12:33  Burrow  
  198  12:35  Lurker  
  198  12:36  Lurker  
  198  12:47  Roach x2  
  198  12:48  Roach  
  194  13:08  Hive  
  190  13:32  Hydralisk x5  
  200  13:58  Roach x2  
  200  13:59  Roach x2  
  183  14:04  Roach x4  
  183  14:05  Roach x9  
  178  14:11  Roach x2  
  178  14:12  Roach x9  
  197  14:22  Roach  
  197  14:23  Roach x3  
  189  14:26  Roach x5  
  189  14:29  Roach  
  184  14:31  Hydralisk  
  184  14:32  Hydralisk x2  
  184  14:33  Queen  
  184  14:35  Roach x2  
  184  14:37  Extractor  
  181  14:39  Hydralisk x2  
  178  14:47  Roach x3  
  178  14:48  Roach x14  
  178  14:50  Roach x5  
  184  14:54  Roach, Spire  
  184  14:58  Roach x2  
  184  14:59  Roach  
  185  15:03  Hatchery  
  185  15:18  Unknown x4  
Tags
 
Add a new tag
Caveats
  • Supply blocks, unpowered buildings, or Contaminate may cause inaccurate times.
  • Supply counts are checked every 10 seconds.